 Dungeon Crawl Stone Soup version 0.21.0-3-g78d12a8 (webtiles) character file.

147 Ignatius881 the Shooter (level 5, 0/37 HPs)
             Began as a Gnoll Wanderer on Jan 9, 2018.
             Succumbed to an adder's poison
             ... on level 3 of the Dungeon.
             The game lasted 00:07:15 (2366 turns).

Ignatius881 the Shooter (Gnoll Wanderer)            Turns: 2366, Time: 00:07:16

Health: 0/37       AC:  8    Str: 13    XL:     5   Next: 29%
Magic:  12/12      EV:  9    Int: 17    God:
Gold:   65         SH:  0    Dex: 14    Spells: 14/14 levels left

rFire    . . .     SeeInvis .   b - +0 shortbow
rCold    . . .     Gourm    .   (shield currently unavailable)
rNeg     . . .     Faith    .   i - +0 scale mail
rPois    .         Spirit   .   o - +1 helmet
rElec    .         Reflect  .   (no cloak)
rCorr    .         Harm     .   (no gloves)
MR       .....                  (no boots)
Stlth    ..........             (no amulet)
HPRegen  0.12/turn              (no ring)
MPRegen  0.13/turn              (no ring)

@: lethally poisoned (0 -> -7)
A: distributed training, fangs 1, strong nose
a: no special abilities


You were on level 3 of the Dungeon.
You were not hungry.

You visited 1 branch of the dungeon, and saw 3 of its levels.

You collected 65 gold pieces.

Inventory:

Hand Weapons
 b - a +0 shortbow (weapon)
Armour
 f - a +0 robe
 i - a +0 scale mail (worn)
   (You found it on level 1 of the Dungeon)
 o - a +1 helmet (worn)
   (You found it on level 2 of the Dungeon)
Wands
 u - a wand of paralysis (15)
Scrolls
 g - 2 scrolls of remove curse {unknown}
 j - 3 scrolls of identify {unknown}
 k - a scroll of amnesia {unknown}
 q - a scroll of magic mapping {unknown}
Potions
 a - 2 potions of invisibility {unknown}
 l - a potion of resistance {unknown}
 m - a potion of brilliance {unknown}
 n - 2 potions of curing {unknown}
 p - a potion of flight {unknown}
Books
 d - Kebuef's Catalogue of Enchantment

   Spells                             Type                      Level
   a - Corona                         Hexes                        1
   b - Dazzling Spray                 Conjuration/Hexes            3
Comestibles
 e - 4 rations
 h - 10 chunks of flesh


   Skills:
 + Level 1.4 Fighting
 + Level 1.4 Short Blades
 + Level 1.4 Long Blades
 + Level 1.4 Axes
 + Level 1.4 Maces & Flails
 + Level 1.4 Polearms
 + Level 1.4 Staves
 + Level 1.4 Slings
 + Level 6.6 Bows
 + Level 1.4 Crossbows
 + Level 2.9 Throwing
 + Level 1.4 Armour
 + Level 1.4 Dodging
 + Level 1.4 Stealth
 + Level 1.4 Shields
 + Level 1.4 Unarmed Combat
 + Level 5.1 Spellcasting
 + Level 1.1 Conjurations
 + Level 1.1 Hexes
 + Level 1.1 Charms
 + Level 1.1 Summonings
 + Level 2.3 Necromancy
 + Level 1.1 Translocations
 + Level 1.1 Transmutations
 + Level 1.1 Fire Magic
 + Level 1.1 Ice Magic
 + Level 1.1 Air Magic
 + Level 1.1 Earth Magic
 + Level 3.9 Poison Magic
 + Level 1.5 Invocations
 + Level 2.9 Evocations


You had 14 spell levels left.
You didn't know any spells.

Dungeon Overview and Level Annotations

Branches:
Dungeon (3/15)

Altars:


Innate Abilities, Weirdness & Mutations

Your experience applies equally to all skills.
You have very sharp teeth.
Your uncanny sense of smell can sniff out nearby items.


Message History

You feel sick. The adder barely misses you.
Really attack while wielding your +0 shortbow? [Y]es or [N]o only, please.
Really attack while wielding your +0 shortbow? [Y]es or [N]o only, please.
Really attack while wielding your +0 shortbow? [Y]es or [N]o only, please.
Really attack while wielding your +0 shortbow?
You clumsily bash the adder but do no damage.
You feel sick. The adder closely misses you. The adder completely misses you.
Your scale mail prevents you from hitting the adder.
You feel sick. The adder bites you but does no damage.
The adder closely misses you.
You miss the adder. The adder bites you but does no damage.
The adder bites you.
* * * LOW HITPOINT WARNING * * *
You miss the adder. The adder bites you but does no damage.
You clumsily bash the adder but do no damage.
You feel sick. The adder bites you.
* * * LOW HITPOINT WARNING * * *
The adder bites you.
* * * LOW HITPOINT WARNING * * *
You are more poisoned.
The adder poisons you!
You feel sick. The adder bites you.
* * * LOW HITPOINT WARNING * * *
You are lethally poisoned!
The adder poisons you!
* * * LOW HITPOINT WARNING * * *
You feel sick.
* * * LOW HITPOINT WARNING * * *
You feel sick.
You barely miss the adder.
* * * LOW HITPOINT WARNING * * *
You feel sick. The adder completely misses you. The adder closely misses you.
You clumsily bash the adder but do no damage.
* * * LOW HITPOINT WARNING * * *
You feel sick. The adder bites you.
* * * LOW HITPOINT WARNING * * *
The adder bites you.
* * * LOW HITPOINT WARNING * * *
Unknown command.
Unknown command.
Your scale mail prevents you from hitting the adder.
* * * LOW HITPOINT WARNING * * *
You feel sick. The adder barely misses you.
The adder bites you but does no damage.
You clumsily bash the adder but do no damage.
You die...

...###..####......######.
....................#.....
.............รท........# .
......%...............# ...
.. ..................##...
...##..##.(..........##.###
...#8..8#..................
.....>..(..........).#..###
(..(.(.........S@..........
.((#8..8#..................
## ##..####............###.
#.#.#..=........)...##
.....###...?..........#
....#.. ##...........#.#
......#.# #.#........##.##
...... .# #.##..##...# .#
.. ... . .#
###..#..####.##...


You could see an adder.

Vanquished Creatures
  A hound (D:2)
  3 adders (D:2)
  An ooze (D:1)
  5 worms
  A dart slug (D:2)
  2 leopard geckos
  5 orcs
  6 goblins
  10 hobgoblins
  2 jackals (D:2)
  11 kobolds
  A ball python (D:1)
  11 bats
  5 rats
64 creatures vanquished.

Notes
Turn   | Place    | Note
-------+----------+-------------------------------------------
     0 | D:1      | Ignatius881 the Gnoll Wanderer began the quest for the Orb.
     0 | D:1      | Ignatius881 set off with: a +0 shortbow, 26 arrows, Kebuef's Catalogue of Enchantment, a ration, a +0 robe, a wand of paralysis (15)
     0 | D:1      | Reached XP level 1. HP: 13/13 MP: 6/6
     0 | D:1      | Identified Kebuef's Catalogue of Enchantment
   147 | D:1      | Reached XP level 2. HP: 18/19 MP: 7/7
   401 | D:1      | Reached XP level 3. HP: 25/25 MP: 9/9
   461 | D:1      | Reached skill level 5 in Spellcasting
   817 | D:2      | Reached skill level 1 in Invocations
   821 | D:2      | Reached skill level 1 in Fighting
   821 | D:2      | Reached skill level 1 in Short Blades
   821 | D:2      | Reached skill level 1 in Long Blades
   821 | D:2      | Reached skill level 1 in Axes
   821 | D:2      | Reached skill level 1 in Maces & Flails
   821 | D:2      | Reached skill level 1 in Polearms
   821 | D:2      | Reached skill level 1 in Staves
   821 | D:2      | Reached skill level 1 in Slings
   821 | D:2      | Reached skill level 1 in Crossbows
   821 | D:2      | Reached skill level 1 in Armour
   821 | D:2      | Reached skill level 1 in Dodging
   821 | D:2      | Reached skill level 1 in Stealth
   821 | D:2      | Reached skill level 1 in Shields
   821 | D:2      | Reached skill level 1 in Unarmed Combat
   821 | D:2      | Reached XP level 4. HP: 25/32 MP: 11/11
  1674 | D:2      | Reached skill level 1 in Conjurations
  1674 | D:2      | Reached skill level 1 in Hexes
  1674 | D:2      | Reached skill level 1 in Charms
  1674 | D:2      | Reached skill level 1 in Summonings
  1674 | D:2      | Reached skill level 1 in Translocations
  1674 | D:2      | Reached skill level 1 in Transmutations
  1674 | D:2      | Reached skill level 1 in Fire Magic
  1674 | D:2      | Reached skill level 1 in Ice Magic
  1674 | D:2      | Reached skill level 1 in Air Magic
  1674 | D:2      | Reached skill level 1 in Earth Magic
  1738 | D:2      | Reached XP level 5. HP: 22/37 MP: 12/12
  2365 | D:3      | HP: 1/37 [poisoned by an adder]
  2366 | D:3      | Succumbed to an adder's poison

Skill      XL: |  1  2  3  4 |
---------------+-------------+-----
Necromancy     | 2 |  2.3
Spellcasting   | 5 |  5.1
Invocations    | 1 |  1.5
Fighting       | 1 |  1.4
Short Blades   | 1 |  1.4
Long Blades    | 1 |  1.4
Axes           | 1 |  1.4
Maces & Flails | 1 |  1.4
Polearms       | 1 |  1.4
Staves         | 1 |  1.4
Slings         | 1 |  1.4
Crossbows      | 1 |  1.4
Armour         | 1 |  1.4
Dodging        | 1 |  1.4
Stealth        | 1 |  1.4
Shields        | 1 |  1.4
Unarmed Combat | 1 |  1.4
Conjurations   | 1 |  1.1
Hexes          | 1 |  1.1
Charms         | 1 |  1.1
Summonings     | 1 |  1.1
Translocations | 1 |  1.1
Transmutations | 1 |  1.1
Fire Magic     | 1 |  1.1
Ice Magic      | 1 |  1.1
Air Magic      | 1 |  1.1
Earth Magic    | 1 |  1.1
Bows           | |  6.6
Throwing       | |  2.9
Poison Magic   | |  3.9
Evocations     | |  2.9

Action                   |  1- 3 |  4- 6 || total
-------------------------+-------+-------++-------
Melee: Shortbow          |       |     9 ||     9
 Fire: Shortbow          |    81 |   178 ||   259
  Eat: Chunk             |       |     4 ||     4
Armor: Scale mail        |    10 |    49 ||    59
Dodge: Dodged            |    10 |    55 ||    65
